Map: King's Cove LE

Players

puCK (Nina)

  • Race: Protoss Protoss
  • League: Grandmaster
  • Spawn Location: 5:00

MCanning - Winner!

  • Race: Protoss Protoss
  • Spawn Location: 11:00

Event: 2019 WCS Winter Americas

VOD

Have the link to the VOD?

Description

Time

  • Played on: Feb. 16, 2019, 2:28 p.m.
  • Length: 11:37

All games in this series

Show
View Real Time Build Order
Export as new Build Order

puCK Protoss 

Build Orders: Blink Stalkers 

Get SALT Encoding   

  12  0:02  Probe  
  13  0:14  Probe  
  14  0:18  Pylon  
  14  0:25  Probe  
  15  0:33  Probe  
  15  0:39  Gateway  
  15  0:41  Probe  
  16  0:49  Assimilator  
  17  0:51  Probe  
  18  0:57  Assimilator  
  18  1:00  Probe  
  19  1:08  Probe  
  19  1:10  Gateway  
  20  1:19  Probe  
  21  1:26  Cybernetics Core  
  21  1:31  Probe  
  22  1:37  Pylon  
  22  1:43  Probe  
  23  1:56  Probe  
  24  2:03  Stalker  
  24  2:04  Sentry  
  28  2:10  Warp Gate  
  28  2:12  Probe  
  28  2:14  Pylon  
  29  2:24  Probe  
  30  2:32  Stalker  
  30  2:33  Stalker  
  33  2:45  Twilight Council  
  33  2:49  Probe  
  34  3:01  Pylon  
  34  3:02  Stalker  
  34  3:03  Stalker, Blink  
  38  3:32  Nexus  
  38  3:39  Probe  
  39  3:48  Robotics Facility  
  39  3:53  Probe  
  40  4:05  Probe  
  40  4:08  Stalker x2  
  45  4:17  Probe  
  46  4:29  Probe  
  47  4:32  Pylon  
  47  4:41  Probe x2  
  47  4:44  Stalker x2, Observer  
  54  4:49  Probe  
  54  4:50  Probe  
  54  4:58  Probe  
  54  4:59  Probe, Gateway  
  58  5:08  Adept  
  58  5:09  Adept  
  60  5:16  Probe  
  60  5:18  Probe  
  60  5:26  Probe  
  58  5:33  Probe  
  58  5:34  Probe  
  59  5:39  Observer  
  59  5:42  Probe  
  61  5:44  Probe  
  61  5:47  Pylon  
  63  5:52  Probe  
  63  5:54  Probe  
  65  6:00  Probe  
  65  6:06  Probe  
  67  6:12  Immortal, Probe  
  67  6:18  Stalker x2  
  76  6:20  Pylon  
  76  6:30  Probe  
  76  6:31  Assimilator  
  76  6:32  Gateway  
  77  6:34  Assimilator  
  76  6:40  Dark Shrine  
  76  6:49  Stalker x3  
  82  6:55  Probe x2  
  84  7:07  Probe x2  
  83  7:16  Pylon  
  83  7:18  Nexus  
  83  7:19  Probe  
  84  7:27  Robotics Bay  
  84  7:28  Probe  
  85  7:30  Robotics Facility  
  85  7:34  Pylon  
  85  7:49  Stalker x4  
  66  8:13  Stalker x4  
  66  8:19  Stalker  
  63  8:20  Stalker  
  46  8:44  Dark Templar  
  42  8:49  Stalker  
  43  10:49  Nexus  
Show
View Real Time Build Order
Export as new Build Order

MCanning Protoss - Winner!

Build Orders: Blink Stalkers 

Get SALT Encoding   

  12  0:00  Probe  
  13  0:12  Probe  
  14  0:20  Pylon  
  14  0:24  Probe  
  15  0:35  Probe  
  15  0:39  Gateway  
  16  0:43  Probe  
  16  0:48  Assimilator  
  17  0:52  Probe  
  17  0:57  Assimilator  
  18  1:00  Probe  
  18  1:09  Probe  
  18  1:10  Gateway  
  20  1:21  Probe  
  21  1:28  Cybernetics Core  
  21  1:33  Probe  
  22  1:40  Pylon  
  22  1:45  Probe  
  23  1:55  Warp Gate  
  23  1:58  Probe  
  24  2:05  Stalker, Sentry  
  28  2:16  Probe  
  28  2:17  Pylon  
  29  2:28  Pylon  
  29  2:38  Twilight Council  
  29  2:53  Nexus  
  29  2:54  Sentry  
  29  2:58  Blink  
  31  2:59  Probe  
  32  3:05  Pylon  
  32  3:11  Probe  
  33  3:23  Probe  
  34  3:30  Shield Battery  
  34  3:35  Probe  
  35  3:44  Stalker  
  35  3:45  Stalker  
  35  3:47  Probe  
  40  3:55  Pylon  
  40  3:59  Probe  
  41  4:10  Stalker x2  
  41  4:11  Probe  
  46  4:22  Robotics Facility  
  46  4:23  Probe  
  47  4:25  Probe  
  48  4:35  Probe  
  48  4:37  Adept x2  
  48  4:38  Probe  
  54  4:46  Probe  
  54  4:47  Probe  
  54  4:49  Shield Battery  
  56  4:55  Probe  
  56  4:58  Assimilator  
  56  4:59  Assimilator, Probe  
  59  5:07  Probe  
  59  5:11  Probe  
  60  5:18  Gateway  
  60  5:19  Probe  
  60  5:21  Gateway  
  61  5:24  Immortal, Shield Battery  
  61  5:25  Shield Battery  
  59  5:30  Robotics Bay  
  61  5:44  Pylon  
  61  5:47  Stalker  
  63  5:51  Pylon  
  63  5:52  Stalker  
  63  5:56  Observer  
  65  5:58  Pylon  
  65  6:01  Probe  
  67  6:06  Probe  
  67  6:07  Disruptor  
  67  6:13  Stalker  
  67  6:14  Stalker  
  74  6:22  Shield Battery  
  74  6:31  Observer  
  74  6:33  Disruptor  
  74  6:34  Stalker x2  
  78  6:40  Adept x2  
  85  6:48  Pylon  
  83  6:56  Probe  
  83  7:00  Probe  
  85  7:05  Gateway  
  85  7:07  Gateway  
  85  7:08  Probe  
  86  7:11  Observer  
  86  7:15  Forge  
  85  7:18  Stalker x2  
  87  7:25  Stalker x2  
  91  7:33  Robotics Facility  
  94  7:47  Pylon  
  94  7:49  Pylon  
  94  7:50  Pylon  
  94  7:51  Photon Cannon  
  92  8:02  Photon Cannon  
  86  8:21  Probe  
  62  8:36  Pylon  
  53  8:55  Pylon  
Tags
 
Add a new tag
Caveats
  • Supply blocks, unpowered buildings, or Contaminate may cause inaccurate times.
  • Supply counts are checked every 10 seconds.